| TOP OF THE 1ST |
|
Niagara Falls Phantoms batting - Pitching for Trois-Riveres Aigles : RHP Jose Hinojosa
|
|
Pitching: RHP Jose Hinojosa
|
|
|
Batting: RHB Alfredo Mendez
|
0-0: Ball 1-0: Ball 2-0: Ball 3-0: Called Strike 3-1: Called Strike 3-2: Foul Ball, location: 2F 3-2: Foul Ball, location: 2F 3-2: Foul Ball, location: 2F 3-2: Base on Balls
|
|
Batting: LHB Pete Cook
|
0-0: Called Strike Alfredo Mendez steals 2nd, throwing error, E2 Alfredo Mendez to third 0-1: Ball 1-1: Foul Ball, location: 2F 1-2: Foul Ball, location: 2F Balk! Alfredo Mendez scores 1-2: Strikes out swinging
|
|
Batting: RHB Chris Horton
|
0-0: Foul Ball, location: 2F 0-1: Ground out 6-3 (Groundball, 56, EV 93.1 MPH)
|
|
Batting: RHB Peter Frankel
|
0-0: Fly out, F9 (Line Drive, 89M, EV 95.6 MPH)
|
| Top of the 1st over - 1 run, 0 hits, 1 error, 0 left on base; Niagara Falls 1 - Trois-Riveres 0 |
| BOTTOM OF THE 1ST |
|
Trois-Riveres Aigles batting - Pitching for Niagara Falls Phantoms : LHP Brendan Thompson
|
|
Pitching: LHP Brendan Thompson
|
|
|
Batting: SHB Josif Popovski
|
0-0: Ball 1-0: Ball 2-0: Foul Ball, location: 2F 2-1: Ball 3-1: Foul Ball, location: 2F 3-2: Fly out, F8 (Flyball, 8RS, EV 84.4 MPH)
|
|
Batting: RHB Micah Logan
|
0-0: SINGLE (Groundball, 34D, EV 101.9 MPH)
|
|
Batting: RHB Alistair Holmes
|
0-0: Foul Ball, location: 2F 0-1: Ball 1-1: Ball 2-1: Fly out, F7 (Flyball, 7LS, EV 81.9 MPH)
|
|
Batting: SHB Derek Weaver
|
0-0: Foul Ball, location: 2F 0-1: Ball Micah Logan is caught stealing 2nd base 2-4
|
| Bottom of the 1st over - 0 runs, 1 hit, 0 errors, 0 left on base; Niagara Falls 1 - Trois-Riveres 0 |
| TOP OF THE 2ND |
|
Niagara Falls Phantoms batting - Pitching for Trois-Riveres Aigles : RHP Jose Hinojosa
|
|
Pitching: RHP Corey Adkins
|
|
|
Batting: LHB Luis Ponce
|
0-0: Ball 1-0: Ball 2-0: Called Strike 2-1: Called Strike 2-2: Strikes out swinging
|
|
Batting: SHB Bruce Shelton
|
0-0: SINGLE (Line Drive, 7LS, EV 99.4 MPH)
|
|
Batting: RHB Randy Joyce
|
0-0: Grounds into double play, 6-4-3 (Groundball, 6, EV 105.6 MPH)
|
| Top of the 2nd over - 0 runs, 1 hit, 0 errors, 0 left on base; Niagara Falls 1 - Trois-Riveres 0 |
| BOTTOM OF THE 2ND |
|
Trois-Riveres Aigles batting - Pitching for Niagara Falls Phantoms : LHP Brendan Thompson
|
|
Batting: SHB Derek Weaver
|
0-0: Called Strike 0-1: Ball 1-1: Ball 2-1: Swinging Strike 2-2: Ground out 4-3 (Groundball, 4, EV 95.6 MPH)
|
|
Batting: RHB George Connell
|
0-0: Called Strike 0-1: Called Strike 0-2: Ball 1-2: Strikes out swinging
|
|
Batting: SHB Shafeeq bin Haytham
|
0-0: Foul Ball, location: 2F 0-1: Foul Ball, location: 2F 0-2: Strikes out swinging
|
| Bottom of the 2nd over - 0 runs, 0 hits, 0 errors, 0 left on base; Niagara Falls 1 - Trois-Riveres 0 |
| TOP OF THE 3RD |
|
Niagara Falls Phantoms batting - Pitching for Trois-Riveres Aigles : RHP Corey Adkins
|
|
Batting: RHB Ryan Book
|
0-0: Ball 1-0: Called Strike 1-1: Ball 2-1: Ball 3-1: Foul Ball, location: 2F 3-2: Ground out 1-3 (Groundball, 13, EV 75.0 MPH)
|
|
Batting: RHB Donald DeLisio
|
0-0: Ball 1-0: Foul Ball, location: 2F 1-1: Ball 2-1: Ground out 5-3 (Groundball, 5S, EV 84.4 MPH)
|
|
Batting: RHB Alfredo Mendez
|
0-0: Called Strike 0-1: Foul Ball, location: 2F 0-2: Strikes out swinging, 2-3 out at first.
|
| Top of the 3rd over - 0 runs, 0 hits, 0 errors, 0 left on base; Niagara Falls 1 - Trois-Riveres 0 |
| BOTTOM OF THE 3RD |
|
Trois-Riveres Aigles batting - Pitching for Niagara Falls Phantoms : LHP Brendan Thompson
|
|
Batting: RHB Chris Davis
|
0-0: Called Strike 0-1: Ground out 5-3 (Groundball, 5, EV 84.4 MPH)
|
|
Batting: SHB Aaron Ruscigno
|
0-0: Foul Ball, location: 2F 0-1: Ball 1-1: Fly out, F7 (Flyball, 7D, EV 76.9 MPH)
|
|
Batting: SHB Paul Dupuis
|
0-0: Ball 1-0: Swinging Strike 1-1: Swinging Strike 1-2: Foul Ball, location: 2F 1-2: Ball 2-2: Ball 3-2: Base on Balls
|
|
Batting: SHB Josif Popovski
|
0-0: Ball 1-0: Ball 2-0: Ball 3-0: Called Strike 3-1: Ground out 5-3 (Groundball, 56S, EV 78.1 MPH)
|
| Bottom of the 3rd over - 0 runs, 0 hits, 0 errors, 1 left on base; Niagara Falls 1 - Trois-Riveres 0 |
| TOP OF THE 4TH |
|
Niagara Falls Phantoms batting - Pitching for Trois-Riveres Aigles : RHP Corey Adkins
|
|
Batting: LHB Pete Cook
|
0-0: Ball 1-0: Bunt for hit to 15S - play at first, batter safe!
|
|
Batting: RHB Chris Horton
|
0-0: Ball 1-0: Swinging Strike 1-1: Swinging Strike 1-2: Ball 2-2: SINGLE (Groundball, 6MS, EV 68.1 MPH) (infield hit) Pete Cook to second
|
|
Batting: RHB Peter Frankel
|
0-0: Called Strike 0-1: Swinging Strike 0-2: Strikes out swinging
|
|
Batting: LHB Luis Ponce
|
0-0: Called Strike 0-1: Ball 1-1: Ball 2-1: Swinging Strike 2-2: DOUBLE (Groundball, 3L, EV 102.5 MPH) Pete Cook scores Chris Horton to third
|
|
Batting: SHB Bruce Shelton
|
0-0: Foul Ball, location: 2F 0-1: Foul Ball, location: 2F 0-2: Ball 1-2: Strikes out swinging
|
|
Batting: RHB Randy Joyce
|
0-0: Ball 1-0: Called Strike 1-1: Ball 2-1: Foul Ball, location: 2F 2-2: Foul Ball, location: 2F 2-2: Strikes out swinging
|
| Top of the 4th over - 1 run, 3 hits, 0 errors, 2 left on base; Niagara Falls 2 - Trois-Riveres 0 |
| BOTTOM OF THE 4TH |
|
Trois-Riveres Aigles batting - Pitching for Niagara Falls Phantoms : LHP Brendan Thompson
|
|
Batting: RHB Micah Logan
|
0-0: Swinging Strike 0-1: Ball 1-1: Called Strike 1-2: Foul Ball, location: 2F 1-2: Fly out, F8 (Flyball, 8RD, EV 93.1 MPH)
|
|
Batting: RHB Alistair Holmes
|
0-0: Ball 1-0: Fly out, F8 (Flyball, 78M, EV 82.5 MPH)
|
|
Batting: SHB Derek Weaver
|
0-0: Ball 1-0: Ball 2-0: Fly out, F9 (Flyball, 9, EV 89.4 MPH)
|
| Bottom of the 4th over - 0 runs, 0 hits, 0 errors, 0 left on base; Niagara Falls 2 - Trois-Riveres 0 |
| TOP OF THE 5TH |
|
Niagara Falls Phantoms batting - Pitching for Trois-Riveres Aigles : RHP Corey Adkins
|
|
Batting: RHB Ryan Book
|
0-0: Ground out 4-3 (Groundball, 4, EV 86.9 MPH)
|
|
Batting: RHB Donald DeLisio
|
0-0: Called Strike 0-1: SINGLE (Groundball, 6MD, EV 109.4 MPH)
|
|
Batting: RHB Alfredo Mendez
|
0-0: Called Strike 0-1: Foul Ball, location: 2F 0-2: Strikes out swinging
|
|
Batting: LHB Pete Cook
|
0-0: Ball 1-0: Ball 2-0: Ball 3-0: Swinging Strike 3-1: Called Strike 3-2: Base on Balls Donald DeLisio to second
|
|
Batting: RHB Chris Horton
|
0-0: Fielders Choice at 2nd, 6-4 (Groundball, 6, EV 103.8 MPH)
|
| Top of the 5th over - 0 runs, 1 hit, 0 errors, 2 left on base; Niagara Falls 2 - Trois-Riveres 0 |
| BOTTOM OF THE 5TH |
|
Trois-Riveres Aigles batting - Pitching for Niagara Falls Phantoms : LHP Brendan Thompson
|
|
Batting: RHB George Connell
|
0-0: Ball 1-0: Swinging Strike 1-1: Ball 2-1: SINGLE (Groundball, 56D, EV 100.0 MPH)
|
|
Batting: SHB Shafeeq bin Haytham
|
0-0: Foul Ball, location: 2F 0-1: Ball 1-1: Ball 2-1: Ball 3-1: Foul Ball, location: 2F 3-2: Strikes out swinging
|
|
Batting: RHB Chris Davis
|
0-0: Ground out 5-3 (Groundball, 56S, EV 63.8 MPH) George Connell to second
|
|
Batting: SHB Aaron Ruscigno
|
0-0: Fly out, F8 (Flyball, 8LD, EV 98.8 MPH)
|
| Bottom of the 5th over - 0 runs, 1 hit, 0 errors, 1 left on base; Niagara Falls 2 - Trois-Riveres 0 |
| TOP OF THE 6TH |
|
Niagara Falls Phantoms batting - Pitching for Trois-Riveres Aigles : RHP Corey Adkins
|
|
Batting: RHB Peter Frankel
|
0-0: Called Strike 0-1: Called Strike 0-2: Strikes out swinging
|
|
Batting: LHB Luis Ponce
|
0-0: Ball 1-0: Ball 2-0: Foul Ball, location: 2F 2-1: Ball 3-1: Base on Balls
|
|
Pitching: LHP Jordan Robinson
|
|
|
Batting: SHB Bruce Shelton
|
0-0: Called Strike 0-1: Fly out, F8 (Flyball, 8RM, EV 99.4 MPH)
|
|
Batting: RHB Randy Joyce
|
0-0: Ball 1-0: Called Strike 1-1: Hit by Pitch Luis Ponce to second
|
|
Batting: RHB Ryan Book
|
0-0: Called Strike 0-1: Foul Ball, location: 2F 0-2: Strikes out looking
|
| Top of the 6th over - 0 runs, 0 hits, 0 errors, 2 left on base; Niagara Falls 2 - Trois-Riveres 0 |
| BOTTOM OF THE 6TH |
|
Trois-Riveres Aigles batting - Pitching for Niagara Falls Phantoms : LHP Brendan Thompson
|
|
Batting: SHB Paul Dupuis
|
0-0: Ball 1-0: Swinging Strike 1-1: Fly out, F7 (Flyball, 7S, EV 86.2 MPH)
|
|
Batting: SHB Josif Popovski
|
0-0: Ground out U3 (Groundball, 34, EV 89.4 MPH)
|
|
Batting: RHB Micah Logan
|
0-0: Fly out, F9 (Flyball, 9, EV 91.9 MPH)
|
| Bottom of the 6th over - 0 runs, 0 hits, 0 errors, 0 left on base; Niagara Falls 2 - Trois-Riveres 0 |
| TOP OF THE 7TH |
|
Niagara Falls Phantoms batting - Pitching for Trois-Riveres Aigles : LHP Jordan Robinson
|
|
Batting: RHB Donald DeLisio
|
0-0: Fly out, F8 (Flyball, 8RD, EV 93.1 MPH)
|
|
Batting: RHB Alfredo Mendez
|
0-0: Called Strike 0-1: Swinging Strike 0-2: Ball 1-2: Ground out 6-3 (Groundball, 6, EV 88.1 MPH)
|
|
Batting: LHB Pete Cook
|
0-0: Called Strike 0-1: Fly out, F8 (Flyball, 89XD, EV 86.2 MPH)
|
| Top of the 7th over - 0 runs, 0 hits, 0 errors, 0 left on base; Niagara Falls 2 - Trois-Riveres 0 |
| BOTTOM OF THE 7TH |
|
Trois-Riveres Aigles batting - Pitching for Niagara Falls Phantoms : LHP Brendan Thompson
|
|
Batting: RHB Alistair Holmes
|
0-0: Ball 1-0: Ball 2-0: Ball 3-0: Base on Balls
|
|
Batting: SHB Derek Weaver
|
0-0: Foul Ball, location: 2F 0-1: Swinging Strike 0-2: DOUBLE (Flyball, 8RXD, EV 95.0 MPH) Alistair Holmes to third
|
|
Batting: RHB George Connell
|
0-0: Called Strike 0-1: Swinging Strike 0-2: Strikes out swinging
|
|
Batting: SHB Shafeeq bin Haytham
|
0-0: Called Strike 0-1: Ball 1-1: Swinging Strike 1-2: Foul Ball, location: 2F 1-2: Ground out 5-3 (Groundball, 56, EV 98.1 MPH) Alistair Holmes scores
|
|
Batting: RHB Chris Davis
|
0-0: Ball 1-0: Ball 2-0: Ball 3-0: Swinging Strike 3-1: Foul Ball, location: 2F 3-2: Strikes out swinging, 2-3 out at first.
|
| Bottom of the 7th over - 1 run, 1 hit, 0 errors, 1 left on base; Niagara Falls 2 - Trois-Riveres 1 |
| TOP OF THE 8TH |
|
Niagara Falls Phantoms batting - Pitching for Trois-Riveres Aigles : LHP Jordan Robinson
|
|
Batting: RHB Chris Horton
|
0-0: Foul Ball, location: 2F 0-1: Foul Ball, location: 2F 0-2: Ball 1-2: Ground out 6-3 (Groundball, 6, EV 85.0 MPH)
|
|
Batting: RHB Peter Frankel
|
0-0: Called Strike 0-1: Called Strike 0-2: Strikes out swinging
|
|
Batting: LHB Luis Ponce
|
0-0: Ball 1-0: Ball 2-0: Ball 3-0: Called Strike 3-1: Called Strike 3-2: Strikes out swinging
|
| Top of the 8th over - 0 runs, 0 hits, 0 errors, 0 left on base; Niagara Falls 2 - Trois-Riveres 1 |
| BOTTOM OF THE 8TH |
|
Trois-Riveres Aigles batting - Pitching for Niagara Falls Phantoms : LHP Brendan Thompson
|
|
Now in RF: Tatsuro Hamasaki
|
|
|
Batting: SHB Aaron Ruscigno
|
0-0: Ball 1-0: Fly out, F8 (Flyball, 8LD, EV 96.9 MPH)
|
|
Batting: SHB Paul Dupuis
|
0-0: Ball 1-0: Ball 2-0: Swinging Strike 2-1: Fly out, F6 (Line Drive, 6, EV 72.5 MPH)
|
|
Batting: SHB Josif Popovski
|
0-0: Ball 1-0: Called Strike 1-1: Ball 2-1: Ground out U3 (Groundball, 34, EV 85.0 MPH)
|
| Bottom of the 8th over - 0 runs, 0 hits, 0 errors, 0 left on base; Niagara Falls 2 - Trois-Riveres 1 |
| TOP OF THE 9TH |
|
Niagara Falls Phantoms batting - Pitching for Trois-Riveres Aigles : LHP Jordan Robinson
|
|
Batting: SHB Bruce Shelton
|
0-0: Ball 1-0: Called Strike 1-1: Ball 2-1: Fly out, F8 (Line Drive, 78M, EV 90.0 MPH)
|
|
Batting: RHB Randy Joyce
|
0-0: Called Strike 0-1: Ball 1-1: Ball 2-1: Ball 3-1: Ground out 4-3 (Groundball, 34, EV 81.9 MPH)
|
|
Batting: RHB Ryan Book
|
0-0: Foul Ball, location: 2F 0-1: Called Strike 0-2: Ball 1-2: Foul Ball, location: 2F 1-2: Foul Ball, location: 2F 1-2: Foul Ball, location: 2F 1-2: Foul Ball, location: 2F 1-2: SOLO HOME RUN (Flyball, 7D, EV 107.5 MPH), Distance : 399 ft
|
|
Batting: RHB Donald DeLisio
|
0-0: Ball 1-0: SINGLE (Groundball, 56D, EV 97.5 MPH)
|
|
Batting: RHB Alfredo Mendez
|
0-0: Ball 1-0: Foul Ball, location: 2F 1-1: Called Strike 1-2: Foul Ball, location: 2F 1-2: Strikes out swinging
|
| Top of the 9th over - 1 run, 2 hits, 0 errors, 1 left on base; Niagara Falls 3 - Trois-Riveres 1 |
| BOTTOM OF THE 9TH |
|
Trois-Riveres Aigles batting - Pitching for Niagara Falls Phantoms : LHP Brendan Thompson
|
|
Pitching: RHP Jeff Thiem
|
|
|
Now at 1B: Ben Underwood
|
|
|
Batting: RHB Micah Logan
|
0-0: Ball 1-0: Ball 2-0: SINGLE (Groundball, 34D, EV 101.9 MPH)
|
|
Batting: RHB Alistair Holmes
|
0-0: Swinging Strike 0-1: Called Strike 0-2: Strikes out swinging
|
|
Batting: SHB Derek Weaver
|
0-0: Fly out, F1 (Popup, 13, EV 86.2 MPH)
|
|
Pinch Hitting: RHB Christopher Arnett
|
0-0: Fly out, F8 (Flyball, 8LD, EV 84.4 MPH)
|
| Bottom of the 9th over - 0 runs, 1 hit, 0 errors, 1 left on base; Niagara Falls 3 - Trois-Riveres 1 |
|